 Dungeon Crawl Stone Soup version 0.20.1-1-g8b1a95d (webtiles) character file.

206 Irenicus the Slasher (level 5, -7/45 HPs)
             Began as a Draconian Chaos Knight on Oct 21, 2017.
             Mangled by a gnoll (8 damage)
             ... on level 3 of the Dungeon.
             The game lasted 00:03:51 (1575 turns).

Irenicus the Slasher (Draconian Chaos Knight)       Turns: 1575, Time: 00:03:52

Health: -7/45      AC:  6    Str: 15    XL:     5   Next: 53%
Magic:  5/5        EV: 15    Int: 10    God:    Xom [*.....]
Gold:   102        SH:  0    Dex: 11    Spells: 4/4 levels left

rFire    . . .     SeeInvis .   a - +0 falchion (chaos)
rCold    . . .     Gourm    .   (no shield)
rNeg     . . .     Faith    .   (armour unavailable)
rPois    .         Spirit   .   (helmet restricted)
rElec    .         Reflect  .   (no cloak)
rCorr    .         Harm     .   (no gloves)
MR       .....                  p - +0 pair of boots
Stlth    +.........             (no amulet)
Regen    0.2/turn               h - +3 ring of evasion
MPRegen  0.1/turn               l - -2 ring of intelligence (curse)

@: no status effects
A: unfitting armour, cold-blooded, AC +5
a: Renounce Religion


You were on level 3 of the Dungeon.
You worshipped Xom.
You were a special plaything of Xom.
You were not hungry.

You visited 1 branch of the dungeon, and saw 3 of its levels.

You collected 102 gold pieces.

Inventory:

Hand Weapons
 a - a +0 falchion of chaos (weapon)
 m - a +8 club
Armour
 p - a +0 pair of boots (worn)
Jewellery
 h - a +3 ring of evasion (left hand)
 l - a cursed -2 ring of intelligence (right hand)
Wands
 e - a wand of iceblast (5/15)
Scrolls
 d - 2 scrolls of identify {unknown}
 g - a scroll of immolation {unknown}
 i - a scroll of noise {unknown}
 o - a scroll of amnesia {unknown}
Potions
 j - a potion of curing
 n - a potion of cancellation {unknown}
Comestibles
 b - 3 bread rations
 f - a meat ration
 k - 4 fruits


   Skills:
 - Level 3.2 Fighting
 + Level 6.3 Long Blades
 - Level 2.1 Dodging


You had 4 spell levels left.
You didn't know any spells.

Dungeon Overview and Level Annotations

Branches:
Dungeon (3/15)

Altars:
Ru
Sif Muna


Innate Abilities, Weirdness & Mutations

Your plain brown scales are hard. (AC +5)
You cannot fit into any form of body armour.
You are cold-blooded and may be slowed by cold attacks.


Message History

Xom thinks this is hilarious!
Your tail-slap misses something.
You closely miss something. Something hits you.
You miss something. Something hits you.
You closely miss something.
Your tail-slap misses something.
Something hits you!
* * * LOW HITPOINT WARNING * * *
The gnoll closely misses you.
It was a potion of curing.
You feel better. Something hits you. The gnoll hits you.
* * * LOW HITPOINT WARNING * * *
You hit something. You freeze something. You tail-slap something.
Something hits you!
* * * LOW HITPOINT WARNING * * *
The gnoll hits you.
* * * LOW HITPOINT WARNING * * *
It was a potion of magic.
Magic courses through your body. Something hits you.
* * * LOW HITPOINT WARNING * * *
The gnoll hits you!
You die...

.. #. #.. #..
### #.....#
#.#.#.# #.#..{#
#.# #@# # #.#
#g#
....###.###)# #
#....†...[###..#
#####..........#
######.###.##
#......#
#.###### #.#


You could see a gnoll.

Vanquished Creatures
  A howler monkey (D:2)
  Jessica (D:2)
  3 adders (D:2)
  2 gnolls (D:3)
  An ooze (D:1)
  A dart slug (D:3)
  A leopard gecko (D:1)
  2 giant cockroaches
  4 goblins
  7 hobgoblins
  3 bats
  A frilled lizard (D:2)
  6 kobolds
  7 rats
40 creatures vanquished.

Vanquished Creatures (collateral kills)
  A hobgoblin (D:2)
1 creature vanquished.

Vanquished Creatures (others)
  The ghost of raph the Chiller, an amateur DrIE (D:3)
1 creature vanquished.

Grand Total: 42 creatures vanquished

Notes
Turn   | Place    | Note
-------+----------+-------------------------------------------
     0 | D:1      | Irenicus the Draconian Chaos Knight began the quest for the Orb.
     0 | D:1      | Reached XP level 1. HP: 19/19 MP: 1/1
    71 | D:1      | XOM: divination: detect items
    80 | D:1      | XOM: god gift: wand of iceblast (?/15) {god gift}
   233 | D:1      | Reached XP level 2. HP: 23/26 MP: 2/2
   501 | D:1      | Reached skill level 4 in Long Blades
   687 | D:2      | Found a sacrificial altar of Ru.
   901 | D:2      | Noticed Terence
   903 | D:2      | XOM: 1-stop teleportation journey
   912 | D:2      | Reached XP level 3. HP: 26/31 MP: 3/3
   965 | D:2      | Noticed Terence
   965 | D:2      | Terence changed into Terence the howler monkey
   965 | D:2      | XOM: polymorph Terence -> Terence the howler monkey
   971 | D:2      | Killed Terence the howler monkey
   971 | D:2      | Reached skill level 5 in Long Blades
   971 | D:2      | Reached XP level 4. HP: 18/38 MP: 4/4
  1075 | D:2      | Noticed Jessica
  1092 | D:2      | Killed Jessica
  1215 | D:2      | XOM: cloud trail
  1390 | D:3      | Found a deep blue altar of Sif Muna.
  1429 | D:3      | XOM: cloud trail
  1433 | D:3      | Paralysed by you for 6 turns
  1456 | D:3      | XOM: harmless Pois miscast
  1545 | D:3      | Noticed raph's ghost (amateur DrIE)
  1556 | D:3      | Banished raph's ghost
  1556 | D:3      | Reached skill level 6 in Long Blades
  1556 | D:3      | Reached XP level 5. HP: 29/45 MP: 5/5
  1574 | D:3      | HP: 2/45 [gnoll (2)]
  1575 | D:3      | Mangled by a gnoll

Skill      XL: |  1  2  3  4 |
---------------+-------------+-----
Long Blades    | 4 5 6 |  6.3
Fighting       | |  3.2
Dodging        | |  2.1

Action                   |  1- 3 |  4- 6 || total
-------------------------+-------+-------++-------
Melee: Falchion          |    82 |    40 ||   122
       Tailslap          |     7 |    10 ||    17
       Club              |       |     6 ||     6
  Use: Potion            |       |     2 ||     2
 Stab: Petrifying        |     1 |       ||     1
       Sleeping          |     1 |       ||     1
  Eat: Chunk             |       |     2 ||     2
Armor: Skin              |    18 |     5 ||    23
Dodge: Dodged            |    44 |    23 ||    67
       Rpst.: Falchion   |    13 |     5 ||    18
